Workbook

Sheet Orçamento
A1: PLANILHA ORÇAMENTÁRIA
A3: Endereço | C3: Obra | E3: Bancos | G3: B.D.I. | H3: Encargos Sociais
A4: Rua Belarmino da Silva França - trecho entre a Estrada de Ferro da NOB e a Rua Olavo Bilac | C4: IMPLANTAÇÃO DE GALERIAS DE ÁGUAS PLUVIAIS NA RUA BELARMINO DA SILVA FRANÇA | E4: SINAPI - 09/2025 - São Paulo CDHU - 08/2025 - São Paulo | G4: 0.2096 | H4: Sem Desoneração: embutido nos preços unitário dos insumos de mão de obra, de acordo com as bases.
A6: Ordem | B6: Descrição do Item | D6: Referência de Preço | E6: Código de Referência | F6: Unidade | G6: Quantidade | H6: Valor Unitário (R$) | I6: Valor Unitário com bdi (R$) | J6: Valor Total (R$)
A7: 1 | B7: SERVIÇOS PRELIMINARES | J7: =SUM(J8:J9) -> 0
A8: 1.1 | B8: LOCAÇÃO DE REDE DE CANALIZAÇÃO | D8: CDHU | E8: 02.10.040 | F8: Metros | G8: 306 | I8: =TRUNC(H8*(1+$G$4),2) -> 0 | J8: =TRUNC(G8*I8,2) -> 0
A9: 1.2 | B9: PLACA DE IDENTIFICAÇÃO PARA OBRA | D9: CDHU | E9: 02.08.050 | F9: Metro quadrado | G9: 24 | I9: =TRUNC(H9*(1+$G$4),2) -> 0 | J9: =TRUNC(G9*I9,2) -> 0
A10: 2 | B10: MOVIMENTAÇÃO DE SOLO | J10: =SUM(J11:J14) -> 0
A11: 2.1 | B11: ESCAVAÇÃO MECANIZADA DE VALAS OU CAVAS COM PROFUNDIDADE DE ATÉ 4 METROS | D11: CDHU | E11: 07.02.060 | F11: Metro cúbico | G11: 1054.7 | I11: =TRUNC(H11*(1+$G$4),2) -> 0 | J11: =TRUNC(G11*I11,2) -> 0
A12: 2.2 | B12: REATERRO COMPACTADO MECANIZADO DE VALA OU CAVA COM ROLO MÍNIMO DE 95% PN | D12: CDHU | E12: 07.11.040 | F12: Metro cúbico | G12: 750.14 | I12: =TRUNC(H12*(1+$G$4),2) -> 0 | J12: =TRUNC(G12*I12,2) -> 0
A13: 2.3 | B13: ESCORAMENTO DE SOLO PONTALETADO | D13: CDHU | E13: 08.01.060 | F13: Metro quadrado | G13: 981 | I13: =TRUNC(H13*(1+$G$4),2) -> 0 | J13: =TRUNC(G13*I13,2) -> 0
A14: 2.4 | B14: REGULARIZAÇÃO E COMPACTAÇÃO MECANIZADA DE SUPERFICIE SEM CONTROLE DO PROCTOR NORMAL | D14: CDHU | E14: 54.01.010 | F14: Metro quadrado | G14: 502.2 | I14: =TRUNC(H14*(1+$G$4),2) -> 0 | J14: =TRUNC(G14*I14,2) -> 0
A15: 3 | B15: DISPOSITIVOS | J15: =SUM(J16:J24) -> 0
A16: 3.1 | B16: BOCA DE LOBO SIMPLES TIPO PMSP COM TAMPA DE CONCRETO | D16: CDHU | E16: 49.12.010 | F16: Unidade | G16: 5 | I16: =TRUNC(H16*(1+$G$4),2) -> 0 | J16: =TRUNC(G16*I16,2) -> 0
A17: 3.2 | B17: BOCA DE LOBO DUPLA TIPO PMSP COM TAMPA DE CONCRETO | D17: CDHU | E17: 49.12.030 | F17: Unidade | G17: 6 | I17: =TRUNC(H17*(1+$G$4),2) -> 0 | J17: =TRUNC(G17*I17,2) -> 0
A18: 3.3 | B18: GRELHA ARTICULADA EM FERRO FUNDIDO PARA BOCA DE LEÃO | D18: CDHU | E18: 49.06.020 | F18: Unidade | G18: 17 | I18: =TRUNC(H18*(1+$G$4),2) -> 0 | J18: =TRUNC(G18*I18,2) -> 0
A19: 3.4 | B19: POÇO DE VISITA DE 1,60 X 1,60 X 1,60 M - TIPO PMSP | D19: CDHU | E19: 49.12.110 | F19: Unidade | G19: 4 | I19: =TRUNC(H19*(1+$G$4),2) -> 0 | J19: =TRUNC(G19*I19,2) -> 0
A20: 3.5 | B20: CHAMINÉ PARA POÇO DE VISITA TIPO PMSP EM ALVENARIA | D20: CDHU | E20: 49.12.120 | F20: Metros | G20: 4 | I20: =TRUNC(H20*(1+$G$4),2) -> 0 | J20: =TRUNC(G20*I20,2) -> 0
A21: 3.6 | B21: TAMPÃO EM FERRO FUNDIDO, DIÂMETRO DE 600 MM, CLASSE B ( RUPTURA>125KN) | D21: CDHU | E21: 49.06.460 | F21: Unidade | G21: 4 | I21: =TRUNC(H21*(1+$G$4),2) -> 0 | J21: =TRUNC(G21*I21,2) -> 0
A22: 3.7 | B22: CONCRETO USINADO BOMBEÁVEL, CLASSE DE RESISTÊNCIA C30, BRITAO E Q, SLUMP= 100+/-20MM, COM BOMBEAMENTO ( DISPONIBILIZAÇÃO DE BOMBA ), SEM O LANÇAMENTO (NBR 8953) | D22: SINAPI - I | E22: 1525 | F22: Metro cúbico | G22: 8.6 | I22: =TRUNC(H22*(1+$G$4),2) -> 0 | J22: =TRUNC(G22*I22,2) -> 0
A23: 3.8 | B23: EXECUÇÃO DE RADIER, ESPESSURA DE 20 CM, FCK = 30 MPA, COM USO DE FORMAS EM AMDSEIRA SERRADA AF_ 09/2021 | D23: SINAPI | E23: 97103 | F23: Metro quadrado | G23: 43 | I23: =TRUNC(H23*(1+$G$4),2) -> 0 | J23: =TRUNC(G23*I23,2) -> 0
A24: 3.9 | B24: ALVENARIA EM BLOCOS DE CONCRETO ESTRUTURAL 14X19X39 CM (ESPESSURA DE 14CM), FCK = 14MPA, UTILIZANDO PALHETA AF _ 10/2022 | D24: SINAPI | E24: 89455 | F24: Metro quadrado | G24: 48 | I24: =TRUNC(H24*(1+$G$4),2) -> 0 | J24: =TRUNC(G24*I24,2) -> 0
A25: 4 | B25: TUBULAÇÕES | J25: =SUM(J26:J29) -> 0
A26: 4.1 | B26: TUBO DE CONCRETO (PS-2) DN=400MM | D26: CDHU | E26: 46.12.060 | F26: Metros | G26: 89 | I26: =TRUNC(H26*(1+$G$4),2) -> 0 | J26: =TRUNC(G26*I26,2) -> 0
A27: 4.2 | B27: TUBO DE CONCRETO ( PA-1) DN = 1000MM | D27: CDHU | E27: 46.12.120 | F27: Metros | G27: 104 | I27: =TRUNC(H27*(1+$G$4),2) -> 0 | J27: =TRUNC(G27*I27,2) -> 0
A28: 4.3 | B28: LASTRO DE PEDRA BRITADA | D28: CDHU | E28: 11.18.040 | F28: Metro cúbico | G28: 15.3 | I28: =TRUNC(H28*(1+$G$4),2) -> 0 | J28: =TRUNC(G28*I28,2) -> 0
A29: 4.4 | B29: TUBO DE CONCRETO ( PA-1) DN = 1200MM | D29: CDHU | E29: 46.12.140 | F29: Metros | G29: 113 | I29: =TRUNC(H29*(1+$G$4),2) -> 0 | J29: =TRUNC(G29*I29,2) -> 0
A30: 5 | B30: REMOÇÃO E REPOSIÇÃO DO PAVIMENTO | J30: =SUM(J31:J35) -> 0
A31: 5.1 | B31: DEMOLIÇÃO MECANIZADA DE PAVIMENTO OU PISO EM CONCRETO, INCLUSIVE FRAGMENTAÇÃO, CARREGAMENTO, TRANSPORTE ATÉ UM QUILÔMETRO E DESCARREGAMENTO | D31: CDHU | E31: 03.01.240 | F31: Metro quadrado | G31: 502.2 | I31: =TRUNC(H31*(1+$G$4),2) -> 0 | J31: =TRUNC(G31*I31,2) -> 0
A32: 5.2 | B32: RESTAURAÇÃO DE PAVIMENTO ASFÁLTICO EM CONCRETO BETUMINOSO USINADO A QUENTE - CBUQ | D32: CDHU | E32: 54.03.221 | F32: Metro cúbico | G32: 15.07 | I32: =TRUNC(H32*(1+$G$4),2) -> 0 | J32: =TRUNC(G32*I32,2) -> 0
A33: 5.3 | B33: IMPRIMAÇÃO BETUMINOSA IMPERMEABILIZANTE | D33: CDHU | E33: 54.03.240 | F33: Metro quadrado | G33: 502.2 | I33: =TRUNC(H33*(1+$G$4),2) -> 0 | J33: =TRUNC(G33*I33,2) -> 0
A34: 5.4 | B34: IMPRIMAÇÃO BETUMINOSA LIGANTE | D34: CDHU | E34: 54.03.230 | F34: Metro quadrado | G34: 502.2 | I34: =TRUNC(H34*(1+$G$4),2) -> 0 | J34: =TRUNC(G34*I34,2) -> 0
A35: 5.5 | B35: LIMPEZA FINAL DE OBRA | D35: CDHU | E35: 55.01.020 | F35: Metro quadrado | G35: 502.2 | I35: =TRUNC(H35*(1+$G$4),2) -> 0 | J35: =TRUNC(G35*I35,2) -> 0
H36: TOTAL | J36: =J30+J25+J15+J10+J7 -> 0
A38: =BDI!$A$24 -> CASTILHO/SP, 05 DE JANEIRO DE 2026

Sheet BDI
A2: BDI
A4: Objeto: | B4: IMPLANTAÇÃO DE GALERIAS DE ÁGUAS PLUVIAIS NA RUA BELARMINO DA SILVA FRANÇA
A5: PLANILHA DE COMPOSIÇÃO DO BDI
A6: Tipo de Obra: Construçao de Redes de Abastecimento de Água, Coleta de Esgoto
A8: ITEM COMPONENTE | B8: 1º Quartil | C8: Mediana | D8: 3º Quartil | E8: ADOTADO | F8: SITUAÇÃO
A9: Administração Central | B9: 0.0343 | C9: 0.0493 | D9: 0.0671 | E9: 0.04 | F9: OK
A10: Seguro e Garantia | B10: 0.0028 | C10: 0.0049 | D10: 0.0075 | E10: 0.005 | F10: OK
A11: Risco | B11: 0.01 | C11: 0.0139 | D11: 0.0174 | E11: 0.0127 | F11: OK
A12: Despesas Financeiras | B12: 0.0094 | C12: 0.0099 | D12: 0.0117 | E12: 0.01 | F12: OK
A13: Lucro | B13: 0.0674 | C13: 0.0804 | D13: 0.094 | E13: 0.074 | F13: OK
A14: Tributos (PIS, COFINS e ISSQN) | B14: Conforme legislação especifica | E14: 0.0365
A15: Abastecimento de água, coleta de esgoto. | B15: 0.2076 | C15: 0.2418 | D15: 0.2644
A17: Onde: AC: taxa de administração central; S: taxa de seguros; R: taxa de riscos; G: taxa de garantias; DF: taxa de despesas financeiras; L: taxa de lucro/remuneração; I: taxa de incidência de impostos (PIS, COFINS, ISS).
A18: BDI ADOTADO = | B18: 0.2096
A24: CASTILHO/SP, 05 DE JANEIRO DE 2026

Sheet CRONOGRAMA
A1: CRONOGRAMA FÍSICO - FINANCEIRO
A7: INTERESSADO: MUNICÍPIO DE CASTILHO
A8: OBRA: IMPLANTAÇÃO DE GALERIAS DE ÁGUAS PLUVIAIS NA RUA BELARMINO DA SILVA FRANÇA
A9: ENDEREÇO: Rua Belarmino da Silva França - trecho entre a Estrada de Ferro da NOB e a Rua Olavo Bilac
A11: ITEM | B11: S E R V I Ç O S | C11: 1ª Medição | G11: 2ª Medição | K11: 3ª Medição | O11: 6ª Medição | S11: 7ª Medição | W11: 4ª Medição | AA11: 5ª Medição | AE11: 6ª Medição | AI11: % | AJ11: TOTAL
A13: 1 | B13: SERVIÇOS PRELIMINARES | C13: 6645.9 | AI13: =AJ13/$AJ$24 -> 1 | AJ13: =SUM(C13:AH13) -> 6645.9 | AK13: =Orçamento!J7 -> 0 | AL13: =AJ13-AK13 -> 6645.9
A15: 2 | B15: MOVIMENTAÇÃO DO SOLO | G15: =$AK15/3 -> 0 | K15: =$AK15/3 -> 0 | W15: =$AK15/3 -> 0 | AI15: =AJ15/$AJ$24 -> 0 | AJ15: =SUM(C15:AH15) -> 0 | AK15: =Orçamento!J10 -> 0 | AL15: =AJ15-AK15 -> 0
A17: 3 | B17: DISPOSITIVOS | AA17: =$AK17/2 -> 0 | AE17: =$AK17/2 -> 0 | AI17: =AJ17/$AJ$24 -> 0 | AJ17: =SUM(C17:AH17) -> 0 | AK17: =Orçamento!J15 -> 0 | AL17: =AJ17-AK17 -> 0
A19: 4 | B19: TUBULAÇÕES | W19: =$AK19/3 -> 0 | AA19: =$AK19/3 -> 0 | AE19: =$AK19/3 -> 0 | AI19: =AJ19/$AJ$24 -> 0 | AJ19: =SUM(C19:AH19) -> 0 | AK19: =Orçamento!J25 -> 0 | AL19: =AJ19-AK19 -> 0
A21: 5 | B21: REMOÇÃO E REPOSINÇÃO DO PAVIMENTO | AE21: =AK21 -> 0 | AI21: =AJ21/$AJ$24 -> 0 | AJ21: =SUM(C21:AH21) -> 0 | AK21: =Orçamento!J30 -> 0 | AL21: =AJ21-AK21 -> 0
A24: Medição Mensal | C24: =C21+C19+C17+C15+C13 -> 6645.9 | G24: =G21+G19+G17+G15+G13 -> 0 | K24: =K21+K19+K17+K15+K13 -> 0 | O24: =SUM(O13,O15,O17,O19,O21,#REF!,#REF!,#REF!,#REF!,#REF!,#REF!,#REF!,#REF!,#REF!,#REF!) -> #REF! | S24: =SUM(S13,S15,S17,S19,S21,#REF!,#REF!,#REF!,#REF!,#REF!,#REF!,#REF!,#REF!,#REF!,#REF!) -> #REF! | W24: =W21+W19+W17+W15+W13 -> 0 | AA24: =AA21+AA19+AA17+AA15+AA13 -> 0 | AE24: =AE21+AE19+AE17+AE15+AE13 -> 0 | AI24: =SUM(AI13:AI22) -> 1 | AJ24: =C24+G24+K24+W24+AA24+AE24 -> 6645.9 | AK24: =SUM(AK13:AK22) -> 0
A29: APLICAÇÕES PREVISTAS PARA O MÊS | C29: =C24 -> 6645.9 | G29: =G24 -> 0 | K29: =K24 -> 0 | O29: =O24 -> #REF! | S29: =S24 -> #REF! | W29: =W24 -> 0 | AA29: =AA24 -> 0 | AE29: =AE24 -> 0 | AI29: =C29+G29+K29+W29+AA29+AE29 -> 6645.9
A30: PERCENTAGEM (%) MENSAL | C30: =C29/$AI$29 -> 1 | G30: =G29/$AI$29 -> 0 | K30: =K29/$AI$29 -> 0 | O30: =O29/$AI$26 -> #REF! | S30: =S29/$AI$26 -> #REF! | W30: =W29/$AI$29 -> 0 | AA30: =AA29/$AI$29 -> 0 | AE30: =AE29/$AI$29 -> 0
A31: RECURSOS MENSAIS ACUMULADO | C31: =C29 -> 6645.9 | G31: =G29+C31 -> 6645.9 | K31: =K29+G31 -> 6645.9 | O31: =O29+#REF! -> #REF! | S31: =S29+O31 -> #REF! | W31: =K31+W29 -> 6645.9 | AA31: =AA29+W31 -> 6645.9 | AE31: =AE29+AA31 -> 6645.9 | AI31: =C30+G30+K30+W30+AA30+AE30 -> 1
A32: PERCENTAGENS ACUMULADA (%) | C32: =C31/$AI$29 -> 1 | G32: =G31/$AI$29 -> 1 | K32: =K31/$AI$29 -> 1 | O32: =O31/$AI$26 -> #REF! | S32: =S31/$AI$26 -> #REF! | W32: =W31/$AI$29 -> 1 | AA32: =AA31/$AI$29 -> 1 | AE32: =AE31/$AI$29 -> 1
A34: =BDI!$A$24 -> CASTILHO/SP, 05 DE JANEIRO DE 2026
